 Dungeon Crawl Stone Soup version 0.18.1-48-g4cf74bf (webtiles) character file.

95 alexandrvrp the Skirmisher (level 4, 0/37 HPs)
             Began as a Demonspawn Berserker on June 25, 2016.
             Was a Believer of Trog.
             Slain by an orc
             ... wielding a +0 hand axe
              (2 damage)
             ... on level 4 of the Dungeon.
             The game lasted 00:06:47 (2205 turns).

alexandrvrp the Skirmisher (Demonspawn Berserker)   Turns: 2205, Time: 00:06:47

Health: 0/37       AC:  3    Str: 19    XL:     4   Next: 39%
Magic:  4/4        EV: 12    Int:  8    God:    Trog [**....]
Gold:   50         SH:  0    Dex: 12    Spells: 0 memorised, 3 levels left

rFire  . . .     SeeInvis .     a - +0 falchion
rCold  . . .     Gourm    .     n - +0 leather armour
rNeg   . . .     Faith    .     (no shield)
rPois  .         Spirit   .     (no helmet)
rElec  .         Dismiss  .     (no cloak)
rCorr  .         Reflect  .     (no gloves)
SustAt .         Harm     .     (no boots)
MR     .....                    (no amulet)
Stlth  +.........               (no ring)
                                (no ring)

@: exhausted, not resistant to hostile enchantments, very unstealthy
A: foul stench 1, rot immunity
a: Berserk, Trog's Hand, Burn Spellbooks, Renounce Religion


You were on level 4 of the Dungeon.
You worshipped Trog.
Trog was pleased with you.
You were near starving.

You visited 1 branch of the dungeon, and saw 3 of its levels.

You collected 50 gold pieces.

Inventory:

Hand Weapons
 a - a +0 falchion (weapon)
 l - a +0 hunting sling
Armour
 n - a +0 leather armour (worn)
Scrolls
 d - 2 scrolls of identify {unknown}
 j - a scroll of fear {unknown}
 m - a scroll of enchant armour {unknown}
Comestibles
 b - a meat ration
 c - 2 bread rations


   Skills:
 * Level 3.7 Fighting
 * Level 3.3 Long Blades
 * Level 2.2 Armour
 * Level 2.4 Dodging
 + Level 1.0 Stealth


You had 3 spell levels left.
You didn't know any spells.

Dungeon Overview and Level Annotations

Branches:
Dungeon (2/15)

Altars:


Innate Abilities, Weirdness & Mutations

You may emit foul miasma when damaged in melee.
You are immune to rotting.


Message History

You feel aware of your surroundings.
You sensed 1 shop/portal.
It was a scroll of magic mapping.
The jackal barely misses you. The orc hits you with a hand axe.
* * * LOW HITPOINT WARNING * * *
The orc looks sick.
The jackal bites you.
* * * LOW HITPOINT WARNING * * *
Read which item? (? for menu, Esc to quit)
As you read the scroll labeled DYTOFO GITTUNE, it crumbles to dust.
You feel blessed for a moment.
It was a scroll of remove curse.
You feel yourself speed up. The jackal barely misses you.
The orc hits you with a hand axe.
* * * LOW HITPOINT WARNING * * *
The jackal misses you. The orc closely misses you.
You closely miss the orc. The jackal barely misses you.
The jackal bites you but does no damage.
The orc closely misses you.
You hit the orc but do no damage. The jackal bites you.
* * * LOW HITPOINT WARNING * * *
The orc hits you with a hand axe.
You die...

*,**,*#.#*,** #.#
*,**,*#.#*,* ##.#######*
*,*#,*#.#*,* #.........*
*,*#.*#.#*,* #..######.*
*,*#.##.##.#######o.#### *,*
*,,.....##..........o..##*,*
*,,**#.>#########.......#*,*
*,,* #....#######.#####.#*,*
**,**#.#...hh@o)..# *,#*,***
*,,..###.#######.# *,,,,,,,
**#.#,#.## #.# *,,,,***
#.*#..*******#.#****,****
#,(...,,,,,,,...,,,,,*
*.###.*******###****** #,*
#.* ** *,* #.* *, **,***,*
*,


You could see an orc and 2 jackals.

Vanquished Creatures
  An orc wizard (D:4)
  A worker ant (D:4)
  A worm (D:2)
  A dart slug (D:1)
  2 orcs (D:4)
  2 ball pythons (D:1)
  3 giant cockroaches
  3 goblins
  3 hobgoblins
  5 jackals
  5 kobolds
  3 bats (D:1)
  A giant newt (D:2)
  3 rats
34 creatures vanquished.

Notes
Turn   | Place    | Note
--------------------------------------------------------------
     0 | D:1      | alexandrvrp the Demonspawn Berserker began the quest for the Orb.
     0 | D:1      | Reached XP level 1. HP: 18/18 MP: 1/1
   148 | D:1      | Gained mutation: You are immune to rotting. [demonic ancestry]
   148 | D:1      | Reached XP level 2. HP: 5/24 MP: 2/2
   664 | D:1      | You fall through a shaft!
  1152 | D:2      | Gained mutation: You may emit foul miasma when damaged in melee. [demonic ancestry]
  1152 | D:2      | Reached XP level 3. HP: 29/29 MP: 3/3
  1825 | D:2      | Reached ** piety under Trog
  1895 | D:2      | You fall through a shaft for 2 floors!
  2201 | D:4      | Reached skill level 1 in Stealth
  2201 | D:4      | Reached XP level 4. HP: 17/37 MP: 4/4
  2205 | D:4      | Slain by an orc

Skill      XL: |  1  2  3 |
---------------+----------+-----
Dodging        | 2 |  2.4
Armour         | 2 |  2.2
Long Blades    | 3 |  3.3
Stealth        | 1 |  1.0
Fighting       | |  3.7

Action                   |  1- 3 |  4- 6 || total
-------------------------+-------+-------++-------
Melee: Falchion          |   131 |     2 ||   133
Invok: Berserk           |     2 |       ||     2
       Trog's Hand       |     1 |       ||     1
  Use: Potion            |     2 |       ||     2
       Scroll            |       |     2 ||     2
 Stab: Sleeping          |     4 |       ||     4
  Eat: Chunk             |     3 |       ||     3
       Pizza             |     1 |       ||     1
Armor: Animal skin       |    16 |       ||    16
       Leather armour    |    11 |     1 ||    12
Dodge: Dodged            |    98 |     6 ||   104
